 Dungeon Crawl Stone Soup version 0.22.1-6-g1668fe2 (webtiles) character file.

1262 Fang the Chopper (level 8, -3/48 HPs)
             Began as a Gargoyle Berserker on Jan 31, 2019.
             Was a Priest of Trog.
             Slain by a phantom (4 damage)
             ... on level 6 of the Dungeon on Feb 1, 2019.
             The game lasted 00:09:14 (5185 turns).

Fang the Chopper (Gargoyle Berserker)               Turns: 5185, Time: 00:09:16

Health: -3/48      AC:  6    Str: 23    XL:     8   Next: 52%
Magic:  8/8        EV: 11    Int: 11    God:    Trog [***...]
Gold:   341        SH:  0    Dex:  9    Spells: 7/7 levels left

rFire    . . .     SeeInvis .   a - +0 hand axe
rCold    . . .     Gourm    .   (no shield)
rNeg     + . .     Faith    .   q - +6 scale mail of Analysis {Int+3 Stlth+}
rPois    ∞         Spirit   .   (no helmet)
rElec    +         Reflect  .   (no cloak)
rCorr    .         Harm     .   (no gloves)
MR       .....                  (no boots)
Stlth    +.........             (no amulet)
HPRegen  0.16/turn              (no ring)
MPRegen  0.11/turn              (no ring)

@: corroded, berserk cooldown, slowed, very slow
A: negative energy resistance 1, electricity resistance, unbreathing,
petrification resistance, rot immunity, AC +5
a: Berserk, Trog's Hand, Renounce Religion


You were on level 6 of the Dungeon.
You worshipped Trog.
Trog was most pleased with you.
You were very hungry.

You visited 2 branches of the dungeon, and saw 7 of its levels.

You collected 341 gold pieces.

Inventory:

Hand Weapons
 a - a +0 hand axe (weapon)
Armour
 j - a +0 chain mail
 q - the +6 scale mail of Analysis (worn) {Int+3 Stlth+}
   (You found it on level 4 of the Dungeon)

   It affects your intelligence (+3).
   It makes you more stealthy.
Jewellery
 o - an uncursed ring of magical power {unknown}
Wands
 s - a wand of disintegration (9)
 u - a wand of acid (7)
 z - a wand of polymorph (5)
Scrolls
 d - 6 scrolls of teleportation {unknown}
 e - 6 scrolls of identify {unknown}
 f - 6 scrolls of remove curse {unknown}
 h - 5 scrolls of amnesia {unknown}
 i - 3 scrolls of blinking {unknown}
 k - a scroll of fog {unknown}
 l - a scroll of magic mapping {unknown}
 m - a scroll of enchant weapon {unknown}
 p - 2 scrolls of fear {unknown}
 y - a scroll of immolation {unknown}
Potions
 b - 4 potions of curing {unknown}
 g - a potion of mutation {unknown}
 n - 2 potions of cancellation {unknown}
 r - a potion of might {unknown}
 t - 2 potions of berserk rage {unknown}
 v - 2 potions of heal wounds {unknown}
 w - a potion of magic {unknown}
 x - a potion of ambrosia {unknown}
Comestibles
 c - 10 rations
 A - 2 chunks of flesh


   Skills:
 + Level 4.9 Fighting
 + Level 7.4 Axes
 + Level 5.0 Armour
 + Level 3.2 Dodging
 + Level 1.6 Stealth


You had 7 spell levels left.
You didn't know any spells.
Your spell library was empty.

Dungeon Overview and Level Annotations

Branches:
Dungeon (6/15)             Temple (1/1) D:4

Altars:
Ashenzari
Cheibriados
Hepliaklqana
Nemelex Xobeh
Okawaru
Qazlal
Ru
Sif Muna
Yredelemnul

Shops:
D:4 (

Annotations:
D:3 2 transporters, Coldstonesans's ghost, amateur TeAE


Innate Abilities, Weirdness & Mutations

You are resistant to torment.
Your stone body is resilient. (AC +5)
You are immune to poison.
You resist negative energy. (rN+)
You are resistant to electric shocks. (rElec)
You can survive without breathing.
You are immune to petrification.
You are immune to rotting.


Message History

The bullfrog barely misses you.
Unknown command.
You slash the bullfrog!
The bullfrog is moderately wounded.
You closely miss the crimson imp. You hit the phantom but do no damage.
The crimson imp closely misses you.
The bullfrog hits you but does no damage.
The phantom barely misses you. The crimson imp misses you.
The bullfrog hits you but does no damage.
Unknown command.
Unknown command.
Unknown command.
You hit the bullfrog but do no damage.
The bullfrog is moderately wounded.
You completely miss the phantom.
You hit the crimson imp but do no damage.
The bullfrog hits you.
* * * LOW HITPOINT WARNING * * *
The phantom hits you.
You die...

.. .. # #. .##
#.#####..#
#.........
#.$.......
##........?
#..5W......
#(F@.......
#.......#.######
#.#..##.# #...#
.###.#.###.# ...
.....#.###.# ...
#........# #.#
#........# #.#
#..#####.#####.#####
#.. #...(.......##


You could see a phantom, a bullfrog and a crimson imp.

Vanquished Creatures
  A phantom (D:5)
  2 ogres
  A centaur (D:6)
  A bullfrog (D:5)
  3 howler monkeys
  2 crimson imps (D:6)
  A bullfrog zombie (D:5)
  2 jellies
  4 orc priests
  A centaur skeleton (D:6)
  3 orc wizards
  3 iguanas
  5 worker ants
  6 adders
  4 gnolls (D:6)
  A howler monkey skeleton (D:6)
  An adder zombie (D:6)
  2 worms
  A dart slug (D:1)
  10 orcs
  2 ball pythons
  3 giant cockroaches
  8 hobgoblins
  10 jackals
  3 kobolds (D:3)
  2 quokkas (D:4)
  3 bats
  4 frilled lizards
  5 goblins
  A leopard gecko zombie (D:5)
  A quokka skeleton (D:6)
  5 rats
101 creatures vanquished.

Notes
Turn   | Place    | Note
-------+----------+-------------------------------------------
     0 | D:1      | Fang the Gargoyle Berserker began the quest for the Orb.
     0 | D:1      | Reached XP level 1. HP: 14/14 MP: 1/1
   273 | D:1      | Reached XP level 2. HP: 14/19 MP: 2/2
   275 | D:1      | Reached skill level 3 in Axes
   566 | D:1      | Reached XP level 3. HP: 20/24 MP: 3/3
   982 | D:2      | Reached ** piety under Trog
  1489 | D:2      | Reached XP level 4. HP: 29/29 MP: 4/4
  1617 | D:3      | Noticed an ogre
  1625 | D:3      | Killed an ogre
  1625 | D:3      | Reached XP level 5. HP: 9/33 MP: 5/5
  1949 | D:3      | Found a transporter.
  1949 | D:3      | Noticed Coldstonesans's ghost (amateur TeAE)
  1992 | D:3      | Found a transporter.
  1998 | D:3      | Reached skill level 4 in Axes
  2225 | D:3      | Found a sacrificial altar of Ru.
  2480 | D:4      | Reached skill level 1 in Stealth
  2491 | D:4      | Reached XP level 6. HP: 24/38 MP: 6/6
  2973 | D:4      | Found a staircase to the Ecumenical Temple.
  3128 | Temple   | Entered the Ecumenical Temple
  3169 | D:4      | Found Codyadgh's Weapon Emporium.
  3368 | D:4      | Got a warped scale mail
  3379 | D:4      | Identified the +6 scale mail of Analysis {Int+3 Stlth+}
                  | (You found it on level 4 of the Dungeon)
  3506 | D:4      | Found a stormy altar of Qazlal.
  3692 | D:5      | Entered Level 5 of the Dungeon
  3700 | D:5      | Reached skill level 5 in Axes
  3710 | D:4      | Reached XP level 7. HP: 44/44 MP: 7/7
  3781 | D:5      | Reached *** piety under Trog
  3948 | D:5      | Found a snail-covered altar of Cheibriados.
  4043 | D:5      | Reached skill level 6 in Axes
  4076 | D:5      | Reached XP level 8. HP: 48/48 MP: 8/8
  4772 | D:6      | Found a hazy altar of Hepliaklqana.
  4775 | D:6      | Found a sparkling altar of Nemelex Xobeh.
  4776 | D:6      | Found a deep blue altar of Sif Muna.
  4776 | D:6      | Found a snail-covered altar of Cheibriados.
  4777 | D:6      | Found a shattered altar of Ashenzari.
  4777 | D:6      | Found a basalt altar of Yredelemnul.
  4777 | D:6      | Found an iron altar of Okawaru.
  4817 | D:6      | Reached skill level 7 in Axes
  5150 | D:6      | Reached skill level 5 in Armour
  5183 | D:6      | HP: 2/48 [phantom (3)]
  5185 | D:6      | Slain by a phantom

Skill      XL: |  1  2  3  4  5  6  7  8 |
---------------+-------------------------+-----
Axes           | 3 4 5 6 7 |  7.4
Dodging        | 2 3 |  3.2
Fighting       | 4 |  4.9
Armour         | 3 4 5 |  5.0
Stealth        | 1 |  1.6

Action                   |  1- 3 |  4- 6 |  7- 9 || total
-------------------------+-------+-------+-------++-------
Melee: Hand axe          |   133 |   137 |   191 ||   461
Invok: Berserk           |       |     4 |     3 ||     7
  Eat: Chunk             |     2 |     5 |     9 ||    16
       Ration            |       |     1 |       ||     1
Armor: Ring mail         |    64 |       |       ||    64
       Chain mail        |    23 |    61 |       ||    84
       Scale mail        |       |    24 |   138 ||   162
Dodge: Dodged            |    93 |    74 |   146 ||   313
